AoeStats
← ikaradayi976

Arena

510122390Analyzed
4v4 RM · 4d ago on Sep 29, 2026· 40m 53s· 8 players
Game mode
Random Map
Map size
Large (8 player)
Population
200
Speed
Normal
Resources
Standard
Victory
Conquest
Starting age
Dark Age
Ending age
Imperial Age
RankedLock teamsTeams togetherTeam positionsShared explorationLock speedFull tech treeHidden civsTurbo modeCheats
Victory
Defeat
🇧🇷 Saracens · Brazil
1171
+13
🇹🇷 Khmer · Türkiye
1140
+14
🇪🇸 Mongols · Spain
1121
+15
🇫🇷 Bohemians · France
1091
+16
🇭🇰 Danes · Hong Kong SAR China
1134
-16
🇬🇧 Wei · United Kingdom
1121
-15
🇦🇷 Poles · Argentina
1090
-14
🇭🇰 Vietnamese · Hong Kong SAR China
1050
-13
Lokatrox
8:09 Loom
9:54 Feudal Age
14:01 Castle Age
12:24 Double-Bit Axe
12:32 Horse Collar
15:05 Bow Saw
18:41 Heavy Plow
20:40 Wheelbarrow
19:50 Loom
20:08 Stone Mining
24:10 Hand Cart
24:07 Gold Mining
26:27 Town Watch
28:09 Gold Shaft Mining
28:10 Stone Shaft Mining
27:37 Fletching
27:47 Padded Archer Armor
28:27 Thumb Ring
28:25 Husbandry
28:36 Bloodlines
28:59 Ballistics
29:16 Bodkin Arrow
29:36 Leather Archer Armor
33:19 Imperial Age
33:31 Elite Mangudai
34:32 Conscription
34:15 Bracer
35:29 Chemistry
33:52 Capped Ram
35:42 Siege Ram
36:58 Drill
39:52 Siege Engineers
39:58 Masonry
39:43 Murder Holes
39:57 Scale Barding Armor
40:02 Forging
40:22 Onager
wouanou
11:04 Feudal Age
15:26 Castle Age
13:39 Double-Bit Axe
14:04 Horse Collar
17:42 Bow Saw
19:56 Chemistry
19:55 Heavy Plow
23:34 Pikeman
28:29 Wheelbarrow
30:29 Imperial Age
27:48 Loom
27:48 Town Watch
28:09 Scale Mail Armor
28:20 Forging
28:35 Squires
30:11 Chain Mail Armor
30:32 Hand Cart
30:33 Halberdier
34:37 Plate Mail Armor
34:44 Iron Casting
34:56 Fletching
35:17 Houfnice
37:50 Two-Man Saw
37:33 Siege Engineers
37:41 Wagenburg Tactics
37:45 Bodkin Arrow
38:13 Ballistics
40:41 Blast Furnace
ikaradayi976
10:54 Feudal Age
14:27 Castle Age
12:15 Double-Bit Axe
12:12 Horse Collar
15:23 Bow Saw
20:13 Wheelbarrow
20:42 Gold Mining
22:43 Heavy Plow
27:35 Imperial Age
24:56 Loom
25:23 Town Watch
26:16 Hand Cart
27:49 Ballistics
27:39 Fortified Wall
28:28 Gold Shaft Mining
28:53 Crop Rotation
28:33 Heavy Scorpion
30:12 Double Crossbow
31:33 Chemistry
31:52 Siege Engineers
31:17 Capped Ram
32:44 Siege Ram
38:24 Husbandry
38:34 Bloodlines
37:45 Light Cavalry
38:40 Forging
38:35 Scale Barding Armor
38:53 Conscription
38:39 Hussar
39:57 Iron Casting
40:43 Chain Barding Armor
grain8720
9:40 Feudal Age
10:25 Double-Bit Axe
13:34 Fletching
17:30 Horse Collar
24:37 Castle Age
24:06 Gold Mining
24:43 Crossbowman
25:28 Thumb Ring
25:53 Bodkin Arrow
31:50 Imperial Age
30:21 Padded Archer Armor
30:43 Ballistics
30:59 Gold Shaft Mining
32:10 Leather Archer Armor
32:42 Wheelbarrow
31:54 Loom
32:59 Bracer
34:06 Chemistry
33:40 Bracer
35:18 Hand Cart
38:54 Conscription
41:17 Ring Archer Armor
曠曠曠曠曠曠工
11:14 Feudal Age
12:23 Double-Bit Axe
15:51 Castle Age
14:11 Horse Collar
14:45 Gold Mining
17:25 Bow Saw
18:08 Bow Saw
18:15 Heavy Plow
21:29 Stone Mining
26:35 Wheelbarrow
25:56 Loom
30:37 Imperial Age
28:16 Treadmill Crane
28:48 Husbandry
28:59 Bloodlines
29:00 Scale Barding Armor
29:10 Town Watch
30:17 Gold Shaft Mining
30:19 Tuntian
30:15 Fletching
30:43 Forging
31:49 Stone Shaft Mining
31:44 Parthian Tactics
31:54 Chain Barding Armor
32:05 Thumb Ring
33:07 Conscription
33:27 Ming Guang Armor
32:32 Light Cavalry
33:31 Bodkin Arrow
33:37 Padded Archer Armor
36:01 Hand Cart
35:17 Hussar
35:33 Elite Skirmisher
36:43 Bracer
41:42 Ballistics
42:23 Chemistry
41:33 Fortified Wall
建興法師
11:06 Feudal Age
12:34 Loom
23:36 Horse Collar
24:19 Double-Bit Axe
30:52 Castle Age
32:20 Bow Saw
tony halcon
10:48 Feudal Age
14:38 Castle Age
12:26 Double-Bit Axe
12:28 Horse Collar
16:10 Bow Saw
23:17 Wheelbarrow
24:32 Hand Cart
24:49 Szlachta Privileges
26:44 Bloodlines
26:34 Husbandry
26:42 Scale Barding Armor
26:47 Forging
26:49 Heavy Plow
30:55 Imperial Age
28:48 Gold Mining
28:51 Stone Mining
30:32 Chain Barding Armor
31:05 Iron Casting
30:29 Loom
30:29 Town Watch
31:30 Devotion
32:38 Coinage
33:29 Blast Furnace
32:18 Onager
32:52 Cavalier
34:37 Siege Engineers
35:33 Chemistry
34:47 Light Cavalry
伐伐伐伐伐木工
10:49 Feudal Age
14:36 Castle Age
13:21 Double-Bit Axe
13:17 Horse Collar
15:33 Bow Saw
17:39 Wheelbarrow
23:45 Hand Cart
23:16 Loom
29:28 Imperial Age
27:34 Town Watch
28:12 Ballistics
28:27 Masonry
28:21 Scale Mail Armor
28:18 Gold Mining
29:46 Coinage
30:47 Conscription
30:08 Onager
31:41 Pikeman
32:22 Squires
31:57 Northmen's Fury
32:39 Halberdier
33:05 Arson
35:03 Chemistry
34:38 Fletching
36:03 Siege Engineers
37:48 Stone Mining
38:24 Siege Onager
39:23 Bodkin Arrow
39:28 Padded Archer Armor
39:45 Heavy Plow
39:29 Elite Skirmisher
41:04 Bracer
Connection lost

Rejoining the realm…

Still unreachable

The connection could not be restored.

Session expired

The server has moved on; the page needs a fresh start.